 Dungeon Crawl Stone Soup version bcrawl-1.27.6 (webtiles) character file.

Game seed: 13149130845372431682

281090 Faustar the Destroyer (level 9, -3/45 HPs)
             Began as an Avariel Conjurer on Sept 30, 2020.
             Was an Initiate of Sif Muna.
             Slain by a killer bee (9 damage)
             ... on level 8 of the Dungeon.
             The game lasted 00:18:09 (6750 turns).

Faustar the Destroyer (Avariel Conjurer)            Turns: 6750, Time: 00:18:10

Health: -3/45      AC:  5    Str:  6    XL:     9   Next: 81%
Magic:  18/25      EV: 13    Int: 28    God:    Sif Muna [......]
Gold:   448        SH:  0    Dex: 18    Spells: 21/28 levels left

rFire    + . .     SeeInvis .   f - +3 dagger (elec)
rCold    + . .     Gourm    .   (no shield)
rNeg     . . .     Faith    .   a - +0 robe
rPois    +         Spirit   .   w - +0 helmet
rElec    +         Reflect  .   B - +0 cloak
rCorr    +         Harm     .   (no gloves)
MR       .....                  h - +0 pair of boots
Stlth    ++........             (no amulet)
HPRegen  0.15/turn              F - +3 ring of intelligence
MPRegen  0.19/turn              E - +5 ring of dexterity

@: lethally poisoned (-3 -> -20), resistant, divine energy
A: able to fly
a: Fly, Stop Divine Energy, Renounce Religion


You were on level 8 of the Dungeon.
You worshipped Sif Muna.
Sif Muna was noncommittal.
You were hungry.

You visited 2 branches of the dungeon, and saw 9 of its levels.

You collected 448 gold pieces.

Inventory:

Hand Weapons
 f - a +3 dagger of electrocution (weapon)
Missiles
 u - a throwing net {=f}
Armour
 a - a +0 robe (worn)
 h - a +0 pair of boots (worn)
 w - a +0 helmet (worn)
 B - a +0 cloak (worn)
Jewellery
 E - a +5 ring of dexterity (right hand)
 F - a +3 ring of intelligence (left hand)
Wands
 t - a wand of acid (5)
 x - a wand of polymorph (6)
 D - a wand of digging (18)
Scrolls
 g - 4 scrolls of teleportation
 i - 2 scrolls of remove curse
 j - 3 scrolls of blinking
 n - 6 scrolls of identify
 o - 3 scrolls of magic mapping {unknown}
 q - 2 scrolls of noise {unknown}
 r - 7 scrolls of enchant weapon {unknown}
 v - 3 scrolls of enchant armour {unknown}
 y - a scroll of vulnerability {unknown}
Potions
 b - a potion of resistance
 c - a potion of magic
 d - a potion of lignification {unknown}
 k - 2 potions of curing {unknown}
 p - 3 potions of brilliance {unknown}
 s - 4 potions of mutation {unknown}
 z - 2 potions of degeneration {unknown}
 A - 2 potions of agility {unknown}
Comestibles
 e - 17 rations {!d}


   Skills:
 - Level 2.1 Dodging
 - Level 2.1 Stealth
 + Level 10.0 Spellcasting
 + Level 11.6 Conjurations
 - Level 7.8 Hexes


You had 21 spell levels left.
You knew the following spells:

 Your Spells              Type           Power        Failure   Level  Hunger
a - Magic Dart            Conj           ####         1%          1    None
b - Searing Ray           Conj           ######..     1%          2    None
c - Fulminant Prism       Conj/Hex       ######....   1%          4    #......

Your spell library contained the following spells:

 Spells                   Type           Power        Failure   Level  Hunger
 Iskenderun's Mystic Bla  Conj           ######..     1%          3    None
 Irradiate                Conj/Tmut      #####.....   10%         5    ####...


Dungeon Overview and Level Annotations

Branches:
Dungeon (8/12)             Temple (1/1) D:7
   Lair: D:7-9          Orc: D:8-11

Altars:
Ashenzari
Cheibriados
Dithmenos
Elyvilon
Gozag
Hepliaklqana
Kikubaaqudgha
Lugonu
Makhleb
Okawaru
Qazlal
Ru
Sif Muna
Trog
Uskayaw
Vehumet
Wu Jian
Xom
Yredelemnul
Zin
The Shining One

Shops:
D:5 [

Annotations:
D:2 2 transporters
D:6 exclusion: statue


Innate Abilities, Weirdness & Mutations

You can fly continuously.


Message History

The killer bee stings you but does no damage.
You feel sick. The killer bee closely misses you.
You feel sick. The killer bee stings you.
You are more poisoned.
The killer bee poisons you!
You feel sick. The killer bee stings you!
You feel sick. The killer bee stings you.
* * * LOW HITPOINT WARNING * * *
You are lethally poisoned!
The killer bee poisons you!
* * * LOW HITPOINT WARNING * * *
You feel sick. The killer bee stings you.
* * * LOW HITPOINT WARNING * * *
It was a potion of resistance.
You feel protected.
* * * LOW HITPOINT WARNING * * *
You feel sick.
A wyvern comes into view.
The killer bee stings you!
You die...

#...# ##...#
#....#
.####....#
........<# .
...###.## .. #.#
..W ##.# #...
#.@# #.... ##y##
#.....##..#####
+.............#
#.....#######.##
#...l #..# #...
##.## ... #..#
.. ##.#


You could see a wyvern (wandering) and a killer bee.

Vanquished Creatures
  Grinder (D:4)
  A hippogriff (D:7)
  A water moccasin (D:5)
  A crocodile (D:7)
  An ice beast (D:5)
  A sky beast (D:4)
  2 orc warriors
  An ogre (D:7)
  5 centaurs
  A phantom (D:8)
  2 bullfrogs (D:6)
  Blork the orc (D:4)
  A water moccasin zombie (D:5)
  7 killer bees
  4 wights (D:7)
  A howler monkey (D:5)
  2 crimson imps
  A bullfrog zombie (D:5)
  2 jellies
  2 orc priests
  2 hounds (D:5)
  An iguana (D:4)
  Ijyb (D:5)
  3 worker ants
  A howler monkey zombie (D:7)
  Robin (D:4)
  A worker ant zombie (D:6)
  3 gnolls (D:5)
  7 adders
  A shadow imp (D:4)
  2 oozes
  An adder skeleton (D:7)
  3 worms
  3 dart slugs
  7 leopard geckos
  16 orcs
  A giant cockroach (D:1)
  18 goblins
  8 hobgoblins
  15 jackals
  6 kobolds
  A quokka (D:5)
  3 ball pythons
  7 bats
  4 frilled lizards
  3 rats
157 creatures vanquished.

Vanquished Creatures (others)
  22 fulminant prisms
22 creatures vanquished.

Grand Total: 179 creatures vanquished

Notes
Turn   | Place    | Note
-------+----------+-------------------------------------------
     0 | D:1      | Faustar the Avariel Conjurer began the quest for the Orb.
     0 | D:1      | Reached XP level 1. HP: 10/10 MP: 6/6
    73 | D:1      | Reached XP level 2. HP: 15/15 MP: 5/8
   303 | D:1      | Reached XP level 3. HP: 19/19 MP: 7/10
   312 | D:1      | Learned a level 2 spell: Searing Ray
   380 | D:1      | Reached skill level 6 in Conjurations
  1150 | D:2      | Reached XP level 4. HP: 24/24 MP: 10/12
  1156 | D:2      | Learned a level 4 spell: Fulminant Prism
  1458 | D:2      | Found a corrupted altar of Lugonu.
  1460 | D:2      | Noticed a wyvern
  1460 | D:2      | Noticed a bullfrog
  1462 | D:2      | Found a transporter.
  1492 | D:2      | Found a transporter.
  1737 | D:3      | Found a shattered altar of Ashenzari.
  1852 | D:3      | Reached skill level 1 in Hexes
  1927 | D:3      | Found an iron altar of Okawaru.
  2067 | D:3      | Reached XP level 5. HP: 28/28 MP: 8/13
  2571 | D:3      | Reached skill level 7 in Conjurations
  2579 | D:3      | Noticed a centaur
  2591 | D:3      | Killed a centaur
  2591 | D:3      | Reached skill level 5 in Spellcasting
  2591 | D:3      | Reached XP level 6. HP: 16/32 MP: 10/15
  2973 | D:4      | Found a hide-covered altar of Uskayaw.
  3130 | D:4      | Noticed Blork the orc
  3134 | D:4      | Killed Blork the orc
  3176 | D:4      | Noticed Grinder
  3177 | D:4      | Paralysed by Grinder for 4 turns
  3183 | D:4      | Killed Grinder
  3183 | D:4      | Reached skill level 8 in Conjurations
  3183 | D:4      | Reached XP level 7. HP: 36/36 MP: 5/18
  3516 | D:4      | Noticed Robin
  3522 | D:4      | Killed Robin
  3635 | D:4      | Reached skill level 5 in Hexes
  3838 | D:5      | Entered Level 5 of the Dungeon
  3865 | D:5      | Found a glowing silver altar of Zin.
  3933 | D:5      | Noticed Ijyb
  3946 | D:5      | Killed Ijyb
  3946 | D:5      | Reached XP level 8. HP: 31/41 MP: 1/20
  4155 | D:5      | Reached skill level 9 in Conjurations
  4332 | D:5      | Found Leit's Armour Shoppe.
  5322 | D:6      | Found a radiant altar of Vehumet.
  5375 | D:6      | Reached skill level 10 in Conjurations
  5378 | D:6      | Gained mutation: You can fly continuously. [Avariel growth]
  5378 | D:6      | Reached XP level 9. HP: 43/45 MP: 15/23
  6111 | D:7      | Reached skill level 11 in Conjurations
  6299 | D:7      | Found a staircase to the Ecumenical Temple.
  6482 | Temple   | Entered the Ecumenical Temple
  6645 | Temple   | Became a worshipper of Sif Muna the Loreminder
  6736 | D:8      | Noticed a queen bee
  6739 | D:8      | Reached skill level 10 in Spellcasting
  6750 | D:8      | Slain by a killer bee

Skill      XL: |  1  2  3  4  5  6  7  8  9 |
---------------+----------------------------+-----
Spellcasting   | 3 4 5 6 8 10 | 10.0
Conjurations   | 6 7 8 10 11 | 11.6
Hexes          | 1 2 4 5 7 |  7.8
Dodging        | |  2.1
Stealth        | |  2.1

Action                   |  1- 3 |  4- 6 |  7- 9 || total
-------------------------+-------+-------+-------++-------
Melee: Dagger            |    17 |     9 |     4 ||    30
 Cast: Magic Dart        |    49 |    53 |    61 ||   163
       Searing Ray       |     2 |    21 |    31 ||    54
       Fulminant Prism   |       |     3 |    19 ||    22
Invok: Divine Energy     |       |       |     1 ||     1
  Use: Potion            |       |       |     2 ||     2
       Scroll            |       |       |     5 ||     5
 Stab: Sleeping          |     2 |       |       ||     2
  Eat: Chunk             |     2 |     8 |    16 ||    26
Armor: Robe              |     7 |     3 |     3 ||    13
Dodge: Dodged            |    20 |    12 |    37 ||    69
